Map: Dusk Towers

Players

Brink - Winner!

  • Race: Protoss Protoss
  • League: Gold

Novawulfen

  • Race: Terran Terran
  • League: Gold

VOD

Have the link to the VOD?

Description

Time

  • Played on: Nov. 15, 2015, 5:53 a.m.
  • Length: 5:32
Show
View Real Time Build Order
Export as new Build Order

Brink Protoss - Winner!

Build Orders: 1 Gate Expand, Oracle Opening 

Get SALT Encoding   

  12  0:01  Probe (Chrono Boost)  
  13  0:12  Probe (Chrono Boost)  
  14  0:18  Pylon  
  14  0:22  Probe (Chrono Boost)  
  15  0:36  Probe (Chrono Boost)  
  16  0:42  Gateway  
  16  0:47  Probe (Chrono Boost)  
  17  1:02  Probe (Chrono Boost)  
  18  1:13  Probe (Chrono Boost)  
  18  1:17  Nexus  
  19  1:23  Assimilator  
  19  1:32  Forge  
  19  1:39  Pylon  
  19  1:50  Cybernetics Core  
  19  1:55  Assimilator  
  19  1:56  Probe (Chrono Boost)  
  20  2:08  Photon Cannon  
  20  2:13  Probe (Chrono Boost)  
  21  2:24  Probe (Chrono Boost)  
  22  2:34  Probe x2 (Chrono Boost)  
  24  2:44  Probe (Chrono Boost)  
  24  2:48  Stargate  
  24  2:51  Probe (Chrono Boost)  
  26  2:55  Probe (Chrono Boost)  
  27  3:01  Probe (Chrono Boost)  
  28  3:06  Probe (Chrono Boost), Stargate  
  28  3:12  Probe (Chrono Boost), Assimilator  
  30  3:16  Probe (Chrono Boost)  
  30  3:17  Assimilator  
  31  3:23  Probe (Chrono Boost)  
  31  3:27  Probe (Chrono Boost)  
  33  3:35  Oracle (Chrono Boost)  
  36  3:43  Probe (Chrono Boost)  
  36  3:45  Probe (Chrono Boost)  
  38  3:50  Pylon  
  38  3:53  Probe (Chrono Boost)  
  39  3:56  Probe (Chrono Boost), Pylon  
  39  4:00  Oracle (Chrono Boost)  
  43  4:11  Probe  
  43  4:15  Probe  
  45  4:23  Probe  
  46  4:26  Void Ray (Chrono Boost)  
  46  4:27  Probe  
  46  4:31  Photon Cannon  
  51  4:35  Probe  
  51  4:37  Photon Cannon  
  52  4:39  Probe  
  52  4:44  Void Ray (Chrono Boost)  
Show
View Real Time Build Order
Export as new Build Order

Novawulfen Terran 

Build Orders:  

Get SALT Encoding   

  12  0:01  SCV  
  13  0:13  SCV  
  14  0:24  Supply Depot  
  14  0:25  SCV  
  15  0:32  Refinery  
  15  0:46  SCV  
  15  0:49  Barracks  
  16  1:01  SCV  
  17  1:13  SCV  
  19  1:25  SCV  
  19  1:36  Marine  
  19  1:38  Supply Depot  
  20  1:40  Orbital Command  
  20  1:58  Factory  
  20  2:01  Barracks Tech Lab  
  20  2:06  SCV  
  21  2:19  SCV  
  24  2:23  Marauder  
  24  2:28  Command Center  
  24  2:31  SCV  
  25  2:44  Starport, Widow Mine  
  27  3:01  SCV  
  28  3:07  Marauder  
  30  3:18  SCV  
  31  3:23  Supply Depot  
  31  3:26  Supply Depot  
  31  3:39  Widow Mine  
  31  3:40  SCV, Medivac  
  36  3:42  Orbital Command  
  36  3:47  Refinery x2  
  36  3:49  Supply Depot  
  36  3:53  Marauder  
  38  3:58  SCV  
  39  4:12  SCV x2, Supply Depot  
  41  4:28  Widow Mine, Marauder  
  41  4:29  Medivac  
  41  4:31  SCV x2  
  49  4:38  Supply Depot  
  49  4:43  Supply Depot  
  49  4:46  SCV x2  
  49  4:48  Marine  
Tags
 
Add a new tag
Caveats
  • Supply blocks, unpowered buildings, or Contaminate may cause inaccurate times.
  • Supply counts are checked every 10 seconds.